 Dungeon Crawl Stone Soup version 0.31.0-10-gcf4a605ca0 (webtiles) character file.

Game seed: 692643111073444871

43680 Esekla the Eclecticist (level 13, -7/70 HPs)
             Began as a Deep Elf Delver on Jan 25, 2024.
             Was a High Priest of Vehumet.
             Mangled by a yak (8 damage)
             ... on level 5 of the Lair of Beasts on Jan 26, 2024.
             The game lasted 02:24:39 (18705 turns).

Esekla the Eclecticist (Deep Elf Delver)           Turns: 18705, Time: 02:24:39

Health: -7/70      AC:  9    Str: 15    XL:     13   Next: 92%
Magic:  28/35      EV: 17    Int: 21    God:    Vehumet [*****.]
Gold:   718        SH:  0    Dex: 16    Spells: 17/45 levels left

rFire   . . .        f - +4 scimitar (flame)
rCold   . . .        (no shield)
rNeg    . . .        e - +0 troll leather armour
rPois   .            l - +0 hat
rElec   +            S - +2 cloak {Will+}
rCorr   .            w - +0 pair of gloves
SInv    .            q - +0 pair of boots
Will    +++..        U - amulet of regeneration
Stlth   ++++         X - +6 ring of strength
HPRegen 2.71/turn    Q - ring of willpower
MPRegen 0.24/turn

%: no passive effects
@: very slightly contaminated
A: horns 1, sense surroundings 1, regeneration 1, electricity resistance
a: Renounce Religion


You were on level 5 of the Lair of Beasts.
You worshipped Vehumet.
Vehumet was extremely pleased with you.
You visited 3 branches of the dungeon, and saw 16 of its levels.
You also visited: Ossuary and Volcano.

You collected 1172 gold pieces.
You spent 454 gold pieces at shops.

Inventory:

Hand Weapons
 a - the +11 falchion "Killer Bee's Doom" {heavy, rElec Int+2}
   (You bought it in a shop on level 5 of the Dungeon)

   Int+2:     It affects your intelligence (+2).
   rElec:     It insulates you from electricity.
 f - a +4 scimitar of flaming (weapon)
 r - a +2 trident of flaming
 s - a +3 dagger of venom
 V - a +1 vampiric dagger
Missiles
 c - 39 poisoned darts
 v - 16 boomerangs (quivered)
Armour
 e - a +0 troll leather armour (worn)
 l - a +0 hat (worn)
 q - a +0 pair of boots (worn)
 w - a +0 pair of gloves (worn)
 y - an orb of light
 C - a +2 robe of cold resistance
 N - a +1 leather armour of fire resistance
 S - a +2 cloak of willpower (worn)
Jewellery
 z - a ring of protection from fire
 Q - a ring of willpower (right hand)
 R - a ring of ice
 U - an amulet of regeneration (around neck)
 X - a +6 ring of strength (left hand)
Wands
 b - a wand of iceblast (2)
 g - a wand of digging (3)
 m - a wand of acid (22)
 K - a wand of paralysis (1)
Scrolls
 j - a scroll of poison
 k - 2 scrolls of silence {unknown}
 n - 6 scrolls of vulnerability {unknown}
 o - a scroll of brand weapon
 t - 2 scrolls of enchant weapon {unknown}
 u - 2 scrolls of fear
 x - 3 scrolls of revelation
 B - 6 scrolls of teleportation
 D - 2 scrolls of acquirement
 E - 4 scrolls of enchant armour {unknown}
 F - 2 scrolls of blinking {unknown}
 H - 3 scrolls of immolation {unknown}
 P - a scroll of fog
Potions
 d - a potion of brilliance
 h - 6 potions of lignification
 i - a potion of resistance
 p - 3 potions of ambrosia
 A - 3 potions of enlightenment
 G - 2 potions of haste
 I - a potion of experience
 J - 7 potions of heal wounds
 L - 7 potions of curing
 M - 3 potions of magic
 O - 2 potions of attraction
 T - a potion of invisibility {unknown}
 W - 3 potions of might
 Y - a potion of cancellation {unknown}


   Skills:
 + Level 4.2 Fighting
 + Level 2.1(4.2) Short Blades
 + Level 5.2(5.4) Long Blades
 + Level 2.3 Throwing
 * Level 5.2 Armour
 * Level 10.2 Dodging
 + Level 9.2 Stealth
 * Level 16.6 Spellcasting
 + Level 5.8 Conjurations
 + Level 3.4 Necromancy
 + Level 1.0 Translocations
 + Level 5.8 Fire Magic
 + Level 9.6 Ice Magic
 * Level 7.8 Air Magic
 * Level 1.4 Earth Magic
 + Level 5.7 Alchemy


You had 17 spell levels left.
You knew the following spells:

 Your Spells              Type           Power      Damage    Failure   Level
a - Ozocubu's Armour      Ice            55%        N/A       1%          3
c - Mephitic Cloud        Conj/Alch/Air  44%        N/A       1%          3
n - Ignite Poison         Fire/Alch      41%        N/A       1%          4
o - Scorch                Fire           84%        2d8       1%          2
p - Apportation           Tloc           44%        N/A       2%          1
r - Frozen Ramparts       Ice            100%       1d16      1%          3
w - Fugue of the Fallen   Necr           32%        N/A       2%          3
x - Olgreb's Toxic Radia  Alch           41%        N/A       1%          4
z - Freezing Cloud        Conj/Ice/Air   25%        6-21      1%          5

Your spell library contained the following spells:

 Spells                   Type           Power      Damage    Failure   Level
 Conjure Ball Lightning   Conj/Air       23%        3x3d6     11%         6
 Freeze                   Ice            100%       1d10      1%          1
 Necrotise                Necr           100%       1d9       1%          1
 Shock                    Conj/Air       100%       1d9       1%          1
 Sting                    Conj/Alch      100%       1d9       1%          1
 Cigotuvi's Dreadful Rot  Necr/Alch/Air  82%        N/A       1%          2
 Static Discharge         Conj/Air       92%        3-7/arc   1%          2
 Dazzling Flash           Conj/Hex       58%        N/A       1%          3
 Hailstorm                Conj/Ice       49%        3d10      1%          3
 Swiftness                Air            50%        N/A       1%          3
 Volatile Blastmotes      Fire/Tloc      64%        2d15      1%          3
 Airstrike                Air            25%        2d(4-20)  1%          4
 Fireball                 Conj/Fire      20%        3d10      2%          5
 Summon Small Mammal      Summ           68%        N/A       4%          1
 Summon Lightning Spire   Summ/Air       33%        N/A       8%          4
 Animate Dead             Necr           32%        N/A       10%         4
 Call Canine Familiar     Summ           17%        N/A       12%         3
 Summon Blazeheart Golem  Fire/Summ      29%        N/A       12%         4
 Starburst                Conj/Fire      20%        6d7       16%         6
 Manifold Assault         Tloc           22%        N/A       24%         4
 Cause Fear               Hex            8%         N/A       36%         4
 Borgnjor's Vile Clutch   Necr/Erth      13%        N/A       36%         5
 Death Channel            Necr           16%        N/A       82%         6
 Maxwell's Capacitive Co  Air            25%        ∞         92%         8
 Dragon's Call            Summ           8%         N/A       100%        9


Dungeon Overview and Level Annotations

Branches:
Dungeon (10/15)            Temple (1/1) D:6            Lair (5/5) D:10
 Shoals (0/4) Lair:3       Spider (0/4) Lair:2        Slime (0/5) Lair:4
    Orc (0/2) D:10        Ossuary (visited)         Volcano (visited)

Altars:
Ashenzari
Cheibriados
Dithmenos
Elyvilon
Fedhas
Gozag
Hepliaklqana
Kikubaaqudgha
Makhleb
Nemelex Xobeh
Okawaru
Qazlal
Ru
Sif Muna
Trog
Uskayaw
Vehumet
Wu Jian
Xom
Yredelemnul
Zin
The Shining One
Jiyva

Shops:
D:4 *   D:5 (   D:8 !?

Annotations:
D:3 Terence
D:8 2 transporters, peterlawrence's ghost, novice MiFi
Lair:5 Josephine


Innate Abilities, Weirdness & Mutations

You have a pair of small horns on your head.
You passively map a small area around you.
Your natural rate of healing is unusually fast.
You are resistant to electric shocks. (rElec)


Message History

The six-headed hydra bites you! The six-headed hydra bites you.
The six-headed hydra misses you. The six-headed hydra bites you.
The six-headed hydra bites you!
The six-headed hydra completely misses you.
The yak misses you.
The yak is engulfed in freezing vapours.
The yak completely misses you.
The yak is engulfed in freezing vapours.
The yak gores you but does no damage.
Your +4 scimitar of flaming bursts into flame!
f - a +4 scimitar of flaming (weapon)
You slice one of the six-headed hydra's heads off!
The flame cauterises the wound!
You hit the five-headed hydra. You burn the five-headed hydra.
Your headbutt misses the five-headed hydra.
The five-headed hydra is moderately wounded.
The yak is engulfed in freezing vapours.
The yak gores you!
The yak is engulfed in freezing vapours.
The yak misses you. The yak gores you!
* * * LOW HITPOINT WARNING * * *
The five-headed hydra is engulfed in freezing vapours.
The five-headed hydra seems to slow down.
The five-headed hydra bites you!
* * * LOW HITPOINT WARNING * * *
The five-headed hydra bites you.
* * * LOW HITPOINT WARNING * * *
The five-headed hydra completely misses you.
The five-headed hydra bites you.
* * * LOW HITPOINT WARNING * * *
The five-headed hydra bites you but does no damage.
The yak is engulfed in freezing vapours.
You kill the yak!
Vehumet accepts your kill.
You feel your power returning.
The yak is engulfed in freezing vapours.
You kill the yak!
Vehumet accepts your kill.
You feel your power returning. The yak gores you!
You die...

..................... ,
....................#.P.
..#.....(...............
,
........................,
........................
, ,
........................
,
.......##..............#
.............§§D.÷......
.............§§§@Y....# ,
....#........§§§÷.......
....##..................
....##P....#......÷.....
......P.................
........................
#....................# ,
#...................### ,
..................... ,


You could see a five-headed hydra (slow) and a yak.

Vanquished Creatures
  A red draconian (Volcano)
  4 hydras
  Erolcha (D:9)
  2 centaur warriors (D:10)
  A boulder beetle (Lair:2)
  2 two-headed ogres
  A deep elf knight (D:10)
  A salamander mystic (Volcano)
  A lindwurm (Lair:3)
  An ugly thing (D:10)
  An oklob plant (Lair:1)
  Maurice (D:7)
  An elephant (Lair:4)
  4 salamanders (Volcano)
  5 black mambas
  Joseph (D:7)
  A merfolk siren (Lair:3)
  A molten gargoyle (Volcano)
  13 cane toads
  A gargoyle (Volcano)
  Jeremiah (D:7)
  An ice devil (D:10)
  A rime drake (Lair:3)
  8 komodo dragons
  An efreet (D:10)
  3 merfolk (Lair:3)
  A troll (D:9)
  A polar bear (Lair:5)
  5 dream sheep (Lair:3)
  7 blink frogs
  Sigmund (D:4)
  A warg (D:9)
  5 wyverns
  2 fire bats (Volcano)
  2 steam dragons
  60 yaks
  2 basilisks
  4 chaos spawn
  Menkaure (D:6)
  4 acid dragons
  18 water moccasins
  A sky beast (D:7)
  2 ice beasts
  A black bear (Lair:2)
  2 orc warriors
  2 ogres
  31 wolves
  3 centaurs
  A phantom (D:4)
  10 bullfrogs
  3 kobold brigands
  A gnoll sergeant (D:10)
  9 scorpions
  10 wights
  5 electric eels
  3 howler monkeys
  A quasit (D:10)
  6 lava snakes (Volcano)
  2 hounds (D:5)
  A human zombie (Ossuary)
  2 jellies (D:5)
  3 orc priests (D:10)
  2 iguanas
  2 scorpion zombies (Ossuary)
  Ijyb (D:5)
  A sleepcap (D:6)
  8 orc wizards
  3 mummies (Ossuary)
  8 gnolls
  7 adders
  A shadow imp (D:7)
  2 white imps
  2 ufetubi (D:6)
  4 adder zombies (Ossuary)
  3 ribbon worms
  3 dart slugs
  37 orcs
  9 ball pythons
  12 bats
  4 endoplasms
  A giant cockroach (D:1)
  A gnoll zombie (Ossuary)
  7 goblins
  A hobgoblin (D:1)
  2 jackals (D:4)
  16 kobolds
  3 quokkas
  3 ball python zombies (Ossuary)
  5 frilled lizards
  4 jackal zombies (Ossuary)
  4 orc zombies (Ossuary)
  2 rats (D:3)
430 creatures vanquished.

Notes
Turn   | Place    | Note
-------+----------+-------------------------------------------
     0 | D:5      | Esekla the Deep Elf Delver began the quest for the Orb.
     0 | D:5      | Reached XP level 1. HP: 13/13 MP: 3/3
     2 | D:5      | Noticed a jelly
     8 | D:5      | Noticed Ijyb
    15 | D:5      | Found Atioxzio's Antique Weapon Boutique.
    16 | D:5      | Noticed a phantom
    16 | D:5      | Noticed an iguana
    37 | D:5      | Noticed a hound
    73 | D:4      | Found a bloodstained altar of Trog.
    81 | D:4      | Found a broken altar of Ashenzari.
   144 | D:4      | Reached XP level 2. HP: 15/18 MP: 4/4
   265 | D:4      | Reached skill level 1 in Spellcasting
   355 | D:5      | Noticed a bullfrog
   490 | D:4      | Found Daov's Mass Market.
   539 | D:4      | Noticed Sigmund
   645 | D:4      | Reached XP level 3. HP: 22/22 MP: 6/6
   663 | D:4      | Noticed a scorpion
   689 | D:4      | Killed a scorpion
   690 | D:4      | Reached XP level 4. HP: 9/27 MP: 6/8
   983 | D:5      | Found a radiant altar of Vehumet.
   987 | D:5      | Became a worshipper of Vehumet
  1050 | D:3      | Learned a level 3 spell: Frozen Ramparts
  1091 | D:3      | Identified the +1 scale mail of Beogh {SInv}
  1402 | D:1      | Learned a level 3 spell: Ozocubu's Armour
  1738 | D:1      | Reached skill level 2 in Spellcasting
  2694 | D:2      | Found a faded altar of an unknown god.
  2908 | D:3      | Reached XP level 5. HP: 31/31 MP: 10/10
  2924 | D:3      | Reached * piety under Vehumet
  2924 | D:3      | Offered knowledge of Kiss of Death by Vehumet.
  3064 | D:3      | Noticed Terence
  3090 | D:5      | Reached skill level 1 in Armour
  3090 | D:5      | Reached skill level 1 in Ice Magic
  3295 | D:5      | Bought an encrusted falchion for 192 gold pieces
  3295 | D:5      | Identified the +11 falchion "Killer Bee's Doom" {heavy,
                  | rElec Int+2} (You bought it in a shop on level 5 of the
                  | Dungeon)
  3380 | D:4      | Killed Sigmund
  3381 | D:4      | Reached skill level 3 in Spellcasting
  3381 | D:4      | Reached XP level 6. HP: 21/36 MP: 5/12
  3514 | D:3      | Learned a level 1 spell: Apportation
  4513 | D:5      | Reached skill level 4 in Spellcasting
  4513 | D:5      | Reached XP level 7. HP: 40/40 MP: 13/15
  4620 | D:5      | Found an ornate altar of the Wu Jian Council.
  4727 | D:5      | Reached skill level 1 in Throwing
  5444 | D:6      | Reached skill level 5 in Spellcasting
  5494 | D:6      | Found a staircase to the Ecumenical Temple.
  5531 | D:6      | Gained mutation: You have a pair of small horns on your
                  | head. [potion of mutation]
  5531 | D:6      | Gained mutation: You have hidden genetic potential. [potion
                  | of mutation]
  5531 | D:6      | Gained mutation: You are resistant to electric shocks.
                  | (rElec) [potion of mutation]
  5538 | D:6      | Reached XP level 8. HP: 15/45 MP: 13/18
  5894 | Temple   | Entered the Ecumenical Temple
  5959 | D:6      | Noticed Menkaure
  5964 | D:6      | Killed Menkaure
  5965 | D:6      | Reached skill level 6 in Spellcasting
  6425 | D:6      | Learned a level 3 spell: Fugue of the Fallen
  6513 | D:5      | Killed Ijyb
  6956 | D:6      | Learned a level 4 spell: Ignite Poison
  6999 | D:7      | Reached skill level 1 in Necromancy
  7003 | D:7      | Reached skill level 1 in Conjurations
  7003 | D:7      | Reached skill level 1 in Air Magic
  7018 | D:7      | Gained mutation: Your natural rate of healing is unusually
                  | fast. [hidden potential]
  7043 | D:7      | Noticed Jeremiah
  7077 | D:7      | Found a sand-covered staircase.
  7078 | D:7      | Noticed Joseph
  7092 | D:7      | Reached skill level 5 in Ice Magic
  7180 | D:7      | Killed Joseph
  7181 | D:7      | Reached skill level 5 in Dodging
  7181 | D:7      | Reached skill level 7 in Spellcasting
  7181 | D:7      | Reached skill level 1 in Fire Magic
  7181 | D:7      | Reached skill level 1 in Alchemy
  7181 | D:7      | Reached XP level 9. HP: 47/50 MP: 19/21
  7233 | D:7      | Offered knowledge of Scorch by Vehumet.
  7235 | D:7      | Reached ** piety under Vehumet
  7239 | D:7      | Learned a level 2 spell: Scorch
  7288 | Ossuary  | Entered an ossuary
  7354 | Ossuary  | Gained mutation: You passively map a small area around you.
                  | [hidden potential]
  7354 | Ossuary  | Lost mutation: You have hidden genetic potential. [hidden
                  | potential expressed]
  7593 | Ossuary  | Offered knowledge of Mephitic Cloud by Vehumet.
  7602 | Ossuary  | Learned a level 3 spell: Mephitic Cloud
  7867 | D:7      | Reached *** piety under Vehumet
  8236 | D:7      | Noticed Maurice
  8238 | D:7      | Maurice stole an amulet of faith
  8240 | D:7      | Killed Maurice
  8241 | D:7      | Reached skill level 8 in Spellcasting
  8693 | D:7      | Killed Jeremiah
  8694 | D:7      | Reached skill level 1 in Short Blades
  8694 | D:7      | Reached XP level 10. HP: 56/56 MP: 20/24
  9263 | D:8      | Offered knowledge of Olgreb's Toxic Radiance by Vehumet.
  9275 | D:8      | Learned a level 4 spell: Olgreb's Toxic Radiance
  9433 | D:8      | Found Doigh's Distillery.
  9437 | D:8      | Found Hauhonag's Magic Scroll Boutique.
  9529 | D:8      | Bought a potion of curing for 33 gold pieces
  9529 | D:8      | Bought a potion of heal wounds for 55 gold pieces
  9529 | D:8      | Bought a potion of lignification for 33 gold pieces
  9533 | D:8      | Bought a scroll of teleportation for 36 gold pieces
  9620 | D:8      | Bought a potion of attraction for 33 gold pieces
  9624 | D:8      | Bought a scroll of identify for 24 gold pieces
  9624 | D:8      | Bought a scroll of identify for 24 gold pieces
  9624 | D:8      | Bought a scroll of identify for 24 gold pieces
  9759 | D:8      | Found a transporter.
  9768 | D:8      | Found a transporter.
  9785 | D:8      | Noticed peterlawrence's ghost (novice MiFi)
  9795 | D:8      | Noticed a moth of wrath
 10107 | D:9      | Noticed Erolcha
 10454 | D:8      | Identified a scroll of acquirement
 10776 | D:9      | Killed Erolcha
 10777 | D:9      | Reached skill level 9 in Spellcasting
 10940 | D:9      | Found a basalt altar of Yredelemnul.
 10941 | D:9      | Found a glowing golden altar of the Shining One.
 10943 | D:9      | Found a glowing silver altar of Zin.
 10943 | D:9      | Found a stormy altar of Qazlal.
 11106 | D:9      | Noticed a two-headed ogre
 11116 | D:9      | Killed a two-headed ogre
 11328 | D:10     | Entered Level 10 of the Dungeon
 11773 | D:10     | Reached skill level 10 in Spellcasting
 11961 | D:10     | Found a staircase to the Orcish Mines.
 12077 | D:10     | Learned a level 5 spell: Freezing Cloud
 12092 | D:9      | Reached **** piety under Vehumet
 12512 | D:10     | Offered knowledge of Arcjolt by Vehumet.
 12513 | D:10     | Reached XP level 11. HP: 60/60 MP: 11/27
 12865 | D:10     | Found a runed translucent door.
 12865 | D:10     | Noticed a centaur warrior
 12866 | D:10     | Noticed a deep elf knight
 12869 | D:10     | Killed a centaur warrior
 12919 | D:10     | Found a staircase to the Lair.
 13498 | D:10     | Reached skill level 5 in Alchemy
 13499 | D:10     | Killed a deep elf knight
 13500 | D:10     | Reached skill level 11 in Spellcasting
 13506 | D:10     | Noticed a seven-headed hydra
 13509 | D:10     | Noticed a centaur warrior
 13512 | D:10     | Killed a seven-headed hydra
 13514 | D:10     | Killed a centaur warrior
 13516 | D:10     | Noticed a green ugly thing
 13526 | D:10     | Killed a green ugly thing
 13527 | D:10     | Reached skill level 5 in Air Magic
 13617 | D:10     | Noticed a two-headed ogre
 13633 | D:10     | Killed a two-headed ogre
 13634 | D:10     | Reached skill level 5 in Conjurations
 13729 | Lair:1   | Entered Level 1 of the Lair of Beasts
 13841 | Lair:1   | Reached skill level 12 in Spellcasting
 14038 | Lair:1   | Reached XP level 12. HP: 56/66 MP: 30/30
 14481 | Lair:1   | Found a blossoming altar of Fedhas.
 14721 | Lair:1   | Reached skill level 13 in Spellcasting
 14937 | Lair:2   | Reached ***** piety under Vehumet
 14937 | Lair:2   | Noticed a five-headed hydra
 14937 | Lair:2   | Offered knowledge of Fulminant Prism by Vehumet.
 14947 | Lair:2   | Killed a four-headed hydra
 15022 | Lair:2   | Noticed a boulder beetle
 15035 | Lair:2   | Killed a boulder beetle
 15036 | Lair:2   | Reached skill level 5 in Fire Magic
 15057 | Lair:2   | Reached skill level 14 in Spellcasting
 15158 | Lair:2   | Found a dark tunnel.
 15170 | Volcano  | Entered a volcano
 15486 | Volcano  | Found a bloodstained altar of Trog.
 15493 | Volcano  | Reached skill level 5 in Long Blades
 15557 | Volcano  | Noticed a red draconian
 15565 | Volcano  | Killed a red draconian
 16188 | Lair:2   | Found a hole to the Spider Nest.
 16198 | Lair:2   | Reached skill level 1 in Translocations
 16198 | Lair:2   | Reached XP level 13. HP: 70/70 MP: 33/33
 16462 | Lair:3   | Identified the +1 helmet "Foodol" {-Cast rElec rPois}
 16492 | Lair:3   | Reached skill level 15 in Spellcasting
 17151 | Lair:3   | Found a staircase to the Shoals.
 17160 | Lair:3   | Offered knowledge of Conjure Ball Lightning by Vehumet.
 17355 | Lair:4   | Reached skill level 16 in Spellcasting
 17437 | Lair:4   | Found a staircase to the Slime Pits.
 17440 | Lair:4   | Found a viscous altar of Jiyva.
 17516 | Lair:4   | Reached skill level 10 in Dodging
 17710 | Lair:4   | Reached skill level 5 in Armour
 17806 | Lair:4   | Reached skill level 1 in Earth Magic
 18182 | Lair:5   | Entered Level 5 of the Lair of Beasts
 18182 | Lair:5   | Noticed Josephine
 18705 | Lair:5   | HP: 3/70 [five-headed hydra (4)]
 18705 | Lair:5   | HP: 1/70 [five-headed hydra (2)]
 18705 | Lair:5   | Mangled by a yak

Illustrated notes

Levels and vault maps discovered:
D:1:      minmay_arrival_three_doors, layout_loops_ring, serial_aquarium,
          aquarium_bridge_straight [aquarium_subvault_bridge,
          aquarium_subvault_window, aquarium_subvault_bridge,
          aquarium_subvault_window], aquarium_bridge_square
          [aquarium_subvault_wall, aquarium_subvault_wall,
          aquarium_subvault_bridge, aquarium_subvault_balcony],
          aquarium_window_2, aquarium_window_1, aquarium_window_2,
          aquarium_view_2b, aquarium_balcony_1b
D:2:      layout_basic, shapermc_ecumenical_altar_flowoftime
D:3:      layout_loops_cross, minmay_misc_feat_plants, minivault_4,
          chequers_serial_rivers_micro_c, roderic_batcave, uniq_terence
D:4:      layout_loops_cross, minitemple, minmay_shop_mass, uniq_sigmund
D:5:      layout_cave_pools, mainiacjoe_overflow_two_lobes, serial_shops,
          nicolae_shop_peninsula, kennysheep_small_circle, uniq_ijyb
D:6:      layout_loops_corners, minmay_temple_entry_waves, uniq_menkaure
D:7:      layout_loops_cross, enter_ossuary_1, uniq_joseph, uniq_maurice,
          uniq_jeremiah
D:8:      kennysheep_blocky_hall, layout_gridville,
          gammafunk_ghost_berserking_beasts, nicolae_wooded_promenade
D:9:      layout_loops_ring, mainiacjoe_overflow_alcove_3,
          eino_small_chamber_without_monster, uniq_erolcha
D:10:     layout_basic, lair_entry_dummy, erik_orc_3, serial_demonic,
          serial_demonic_f, serial_demonic_d, serial_demonic_a,
          serial_demonic_e, serial_demonic_e, serial_demonic_d, minivault_13
Temple:   nicolae_temple_superstar
Lair:1:   layout_hall_layers, chequers_serial_rivers_small_3, tgw_fedhas,
          grunt_megastairs_1
Lair:2:   layout_loops_ring, spider_nest_entry_web_field, enter_volcano_1
Lair:3:   layout_hall_layers, elwin_shoals_entry_stream
Lair:4:   layout_gridlike, slime_entry_1, nicolae_quartered_pool_super,
          fungi_pond_lemuel, st_stairs_11, grunt_megastairs_3
Lair:5:   guppyfry_lair_end_dragon, layout_cave_shapes,
          hangedman_lair_caniforms_friends, uniq_sonja, uniq_josephine

Skill      XL: |  1  2  3  4  5  6  7  8  9 10 11 12 13 |
---------------+----------------------------------------+-----
Spellcasting   | 1 2 3 4 5 7 8 10 12 14 16 | 16.6
Long Blades    | 2 3 4 5 |  5.2
Dodging        | 3 4 5 7 8 9 10 | 10.2
Stealth        | 7 8 9 |  9.2
Armour         | 1 3 4 5 |  5.2
Ice Magic      | 1 2 4 5 6 7 8 9 |  9.6
Throwing       | 1 2 |  2.3
Necromancy     | 2 3 |  3.4
Conjurations   | 1 2 4 5 |  5.8
Air Magic      | 1 3 4 5 6 7 |  7.8
Fighting       | 3 4 |  4.2
Fire Magic     | 1 3 4 5 |  5.8
Alchemy        | 1 2 4 5 |  5.7
Short Blades   | 1 2 |  2.1
Translocations | 1 |  1.0
Earth Magic    | 1 |  1.4

Action                     |  1- 3 |  4- 6 |  7- 9 | 10-12 | 13-15 || total
---------------------------+-------+-------+-------+-------+-------++-------
  Melee: Falchion          |    29 |    89 |   105 |   114 |    76 ||   413
         Short sword       |     3 |     3 |       |       |       ||     6
         Dagger            |       |    34 |    22 |    45 |     8 ||   109
         Punch             |       |     2 |       |     3 |     1 ||     6
         Headbutt          |       |       |    23 |    45 |    23 ||    91
         Scimitar          |       |       |       |    10 |     1 ||    11
  Throw: Dart              |    11 |     7 |    18 |    19 |       ||    55
         Boomerang         |       |       |     6 |    15 |     8 ||    29
   Cast: Ozocubu's Armour  |       |     8 |    28 |    36 |    21 ||    93
         Frozen Ramparts   |       |     6 |    18 |    37 |    18 ||    79
         Apportation       |       |       |     1 |    12 |     8 ||    21
         Scorch            |       |       |    22 |    37 |    38 ||    97
         Mephitic Cloud    |       |       |     1 |    22 |     3 ||    26
         Fugue of the Fall |       |       |     1 |     6 |     6 ||    13
         Ignite Poison     |       |       |       |    17 |     2 ||    19
         Freezing Cloud    |       |       |       |    16 |    14 ||    30
         Olgreb's Toxic Ra |       |       |       |     8 |     9 ||    17
    Use: Scroll            |     3 |       |     4 |    10 |     1 ||    18
         Potion            |     1 |       |     1 |       |     1 ||     3
   Stab: Sleeping          |     3 |    29 |    16 |    16 |     4 ||    68
         Confused          |       |       |     1 |     2 |     2 ||     5
 Armour: Leather armour    |    20 |    52 |       |       |       ||    72
         Robe              |       |     8 |    86 |    46 |       ||   140
         Troll leather arm |       |       |       |   100 |   116 ||   216
  Dodge: Dodged            |    21 |    82 |    76 |   175 |   150 ||   504
